 Dungeon Crawl Stone Soup version 0.29-a0-659-g28b9d68c38 (webtiles) character file.

Game seed: 955840135906653535

88221 Johnny the Shatterer (level 15, -9/161 HPs)
             Began as a Troll Berserker on June 22, 2022.
             Was a Priest of Trog.
             Mangled by a white ugly thing (11 damage)
             ... on level 11 of the Dungeon.
             The game lasted 00:27:33 (19345 turns).

Johnny the Shatterer (Troll Berserker)             Turns: 19345, Time: 00:27:34

Health: -9/161     AC: 13    Str: 35    XL:     15   Next: 45%
Magic:  0/14       EV:  8    Int:  3    God:    Trog [***...]
Gold:   1880       SH:  0    Dex:  9    Spells: 14/14 levels left

rFire   . . .      SeeInvis .   l - +2 flail (protect)
rCold   + + .      Faith    .   (no shield)
rNeg    . . .      Spirit   +   B - +0 ice dragon scales
rPois   +          Reflect  .   (helmet restricted)
rElec   .          Harm     .   c - +1 cloak {rC+}
rCorr   .          Rampage  .   (gloves unavailable)
Will    +++..                   (boots unavailable)
Stlth   ..........              M - amulet of guardian spirit
HPRegen 2.16/turn               n - ring of poison resistance
MPRegen 0.14/turn               h - ring of fire

@: about to teleport, strong-willed, on berserk cooldown, regenerating, slowed,
very slow
A: large, unfitting armour, claws 3, regeneration 1, shaggy fur 1, tough skin 1,
subdued magic 1
a: Renounce Religion, Berserk, Trog's Hand


You were on level 11 of the Dungeon.
You worshipped Trog.
Trog was most pleased with you.
You visited 2 branches of the dungeon, and saw 17 of its levels.
You also visited: Bailey and Ice Cave.

You collected 1880 gold pieces.

Inventory:

Hand Weapons
 l - a +2 flail of protection (weapon)
 w - a +2 flail of draining
 D - a +2 giant club of freezing
 G - a +3 dire flail of freezing
 K - a +0 giant spiked club
Armour
 c - a +1 cloak of cold resistance (worn)
 B - +0 ice dragon scales (worn)
 I - +0 acid dragon scales
 Y - a +0 troll leather armour
Jewellery
 d - a +6 ring of intelligence
 e - a ring of flight
 h - a ring of fire (right claw)
 n - a ring of poison resistance (left claw)
 y - a ring of see invisible
 M - an amulet of guardian spirit (around neck)
 Q - a ring of resist corrosion
 V - a ring of positive energy
 W - the ring of False Pretenses {rPois Slay+2}
   (You found it on level 6 of the Lair of Beasts)

   [ring of poison resistance]

   Slay:      It affects your accuracy & damage with ranged weapons and melee
   (+2).
   rPois:     It protects you from poison.
Wands
 a - a wand of flame (18)
 j - a wand of polymorph (2)
 v - a wand of digging (2)
 A - a wand of mindburst (6)
 J - a wand of iceblast (10)
 L - a wand of paralysis (11)
 P - a wand of light (6)
Scrolls
 b - 2 scrolls of blinking
 i - 6 scrolls of teleportation
 k - 5 scrolls of noise
 p - 8 scrolls of amnesia
 r - 7 scrolls of poison
 x - 3 scrolls of enchant armour
 z - 5 scrolls of fog
 C - a scroll of magic mapping
 N - 2 scrolls of vulnerability
 X - 2 scrolls of immolation
Potions
 f - 2 potions of resistance
 g - 6 potions of curing
 m - 4 potions of brilliance
 o - 3 potions of lignification
 q - 2 potions of flight
 s - 5 potions of haste
 t - 5 potions of mutation
 u - 4 potions of magic {unknown}
 E - a potion of degeneration {unknown}
 O - 2 potions of berserk rage
 R - 4 potions of cancellation {unknown}
 S - a potion of invisibility
 T - a potion of heal wounds
 U - a potion of attraction {unknown}
Miscellaneous
 F - a phial of floods


   Skills:
 + Level 13.3 Fighting
 * Level 21.0 Maces & Flails
 - Level 2.4 Dodging


You had 14 spell levels left.
You didn't know any spells.
Your spell library contained the following spells:

 Spells                   Type           Power      Damage    Failure   Level
 Freeze                   Ice            0%         1d3       77%         1
 Slow                     Hex            0%         N/A       77%         1
 Blink                    Tloc           0%         N/A       89%         2
 Conjure Flame            Conj/Fire      0%         6-21      98%         3
 Frozen Ramparts          Ice            0%         1d2       98%         3
 Ignite Poison            Fire/Tmut/Pois 0%         N/A       98%         3
 Portal Projectile        Hex/Tloc       0%         N/A       98%         3
 Tukima's Dance           Hex            0%         N/A       98%         3
 Anguish                  Hex/Necr       0%         N/A       100%        4
 Hailstorm                Conj/Ice       0%         3d3       100%        4
 Ice Form                 Ice/Tmut       0%         N/A       100%        4
 Sticky Flame             Conj/Fire      0%         2d3       100%        4
 Blade Hands              Tmut           0%         N/A       100%        5
 Iskenderun's Battlesphe  Conj           0%         2d6       100%        5
 Manifold Assault         Tloc           0%         N/A       100%        5
 Yara's Violent Unravell  Hex/Tmut       0%         3d3       100%        5
 Iron Shot                Conj/Erth      0%         9d1       100%        6
 Simulacrum               Ice/Necr       0%         N/A       100%        6
 Starburst                Conj/Fire      0%         6d3       100%        6
 Enfeeble                 Hex            0%         N/A       100%        7
 Malign Gateway           Summ/Tloc      0%         N/A       100%        7
 Spellforged Servitor     Conj/Summ      0%         N/A       100%        7
 Storm Form               Tmut/Air       0%         N/A       100%        7
 Summon Horrible Things   Summ           0%         N/A       100%        8


Dungeon Overview and Level Annotations

Branches:
Dungeon (11/15)            Temple (0/1) D:7            Lair (6/6) D:10
  Swamp (0/4) Lair:4       Spider (0/4) Lair:4        Slime (0/5) Lair:6
    Orc (0/2) D:11         Bailey (visited)           IceCv (visited)

Altars:
Dithmenos
Fedhas
Gozag
Hepliaklqana
Qazlal
Sif Muna
Zin
Beogh

Annotations:
D:6 2 transporters, Conn's ghost, novice OpFE


Innate Abilities, Weirdness & Mutations

You are too large for most types of armour.
You have claws for hands.
Your natural rate of healing is unusually fast.
You are covered in fur. (AC +1)
You have tough skin. (AC +1)
Your spells are a little easier to cast, but a little less powerful.


Message History

The eight-headed hydra bites you but does no damage.
You feel the effects of Trog's Hand fading.
The eight-headed hydra bites you but does no damage.
The eight-headed hydra bites you.
* * * LOW HITPOINT WARNING * * *
The eight-headed hydra bites you but does no damage.
The eight-headed hydra closely misses you.
The eight-headed hydra bites you but does no damage.
The eight-headed hydra bites you.
* * * LOW HITPOINT WARNING * * *
The eight-headed hydra barely misses you.
The eight-headed hydra bites you.
* * * LOW HITPOINT WARNING * * *
Blink to where?
Press: ? - help, Dir - move target, p - eight-headed hydra
As you read the scroll of blinking, it crumbles to dust.
Your skin crawls.
You feel strong-willed.
You can no longer call in reinforcements.
The eight-headed hydra enters a dispersal trap!
The white ugly thing blinks!
You blink.
The eight-headed hydra blinks!
As you read the scroll of teleportation, it crumbles to dust.
You feel strangely unstable. The eight-headed hydra bites you!
* * * LOW HITPOINT WARNING * * *
The eight-headed hydra bites you.
* * * LOW HITPOINT WARNING * * *
The eight-headed hydra bites you!
* * * LOW HITPOINT WARNING * * *
The eight-headed hydra barely misses you.
The eight-headed hydra bites you.
* * * LOW HITPOINT WARNING * * *
The eight-headed hydra bites you!
* * * LOW HITPOINT WARNING * * *
The eight-headed hydra closely misses you.
The eight-headed hydra bites you but does no damage.
The white ugly thing trunk-slaps you!
* * * LOW HITPOINT WARNING * * *
The white ugly thing freezes you! You resist.
You die...

#.#'##################
#.....# #.....#
#.^...# #.....# ##
#.....#
.###########.....#
..).†).u...[....u#
.###########...D@# .#
####### .# .# .# .# .#
.#


You could see an eight-headed hydra and a white ugly thing.

Vanquished Creatures
  Kirke (Lair:5)
  A sphinx (D:11)
  An orc warlord (Bailey)
  An ettin (D:11)
  7 hydras
  Erolcha (D:9)
  5 centaur warriors
  2 ironbound frosthearts (IceCv)
  A two-headed ogre (D:11)
  3 boulder beetles
  A death knight (D:11)
  2 tengu warriors
  A deep troll earth mage (D:11)
  13 death yaks
  Nergalle (D:10)
  3 skeletal warriors (D:11)
  A necromancer (D:9)
  2 orc knights (Bailey)
  An ugly thing (D:11)
  A wolf spider (Lair:4)
  A deep elf zephyrmancer (D:11)
  2 deep elf pyromancers (D:11)
  An orc sorcerer (D:11)
  A manticore (D:11)
  3 cyclopes
  6 elephants
  5 black mambas
  An ice statue (IceCv)
  2 torpor snails
  Maggie (D:6)
  A gargoyle (D:11)
  9 cane toads
  7 komodo dragons
  2 rime drakes (Lair:5)
  6 kobold demonologists
  A meliai (D:11)
  14 polar bears
  3 trolls
  A tyrant leech (Lair:4)
  5 blink frogs (Lair:3)
  Prince Ribbit (D:5)
  Grinder (D:4)
  4 hornets
  A slime creature (D:11)
  Sigmund (D:2)
  5 dream sheep (Lair:6)
  3 shadows
  3 culicivoras (Lair:4)
  13 spriggans (Lair:6)
  8 wyverns
  5 basilisks
  70 yaks
  5 wraiths
  A hog (Lair:5)
  A steam dragon (D:7)
  Edmund (D:5)
  2 swamp worms (Lair:4)
  3 acid dragons
  Duvessa (D:4)
  14 water moccasins
  14 orc warriors
  An ice beast (D:6)
  7 black bears
  3 sky beasts
  4 boggarts (Lair:6)
  An ogre (D:7)
  42 wolves
  10 centaurs
  A phantom (D:5)
  7 bullfrogs
  4 kobold brigands
  A gnoll sergeant (D:7)
  A bullfrog (shapeshifter) (D:11)
  2 scorpions
  11 wights
  9 killer bees
  Dowan (D:4)
  4 howler monkeys
  3 electric eels
  2 jellies
  5 hounds
  7 orc priests
  5 iguanas
  12 orc wizards
  7 hell rats (Lair:3)
  Terence (D:3)
  Robin (D:3)
  16 gnolls
  8 adders
  12 white imps (Lair:5)
  An ufetubus (D:7)
  A worm (D:2)
  3 dart slugs
  54 orcs
  5 bats (D:1)
  5 endoplasms
  2 giant cockroaches
  27 goblins
  17 hobgoblins
  7 jackals (D:1)
  A quokka (D:2)
  4 ball pythons
  2 frilled lizards
  12 kobolds
  4 rats
611 creatures vanquished.

Vanquished Creatures (collateral kills)
  The ghost of anet the Carver, a journeyman MiBe of Trog (Lair:6)
  A skeletal warrior (D:11)
  A deep elf archer (D:11)
  A polar bear (Lair:6)
  A tyrant leech (Lair:4)
5 creatures vanquished.

Vanquished Creatures (others)
  A fire vortex (Lair:5)
  43 fungi
  78 plants
122 creatures vanquished.

Grand Total: 738 creatures vanquished

Notes
Turn   | Place    | Note
-------+----------+-------------------------------------------
     0 | D:1      | Johnny the Troll Berserker began the quest for the Orb.
     0 | D:1      | Reached XP level 1. HP: 22/22 MP: 0/0
    65 | D:1      | Reached skill level 3 in Maces & Flails
    68 | D:1      | Reached XP level 2. HP: 24/29 MP: 1/1
   258 | D:1      | Reached XP level 3. HP: 36/36 MP: 2/2
   271 | D:1      | Found a faded altar of an unknown god.
   280 | D:1      | Reached ** piety under Trog
   827 | D:2      | Noticed Sigmund
   835 | D:2      | Killed Sigmund
   836 | D:2      | Reached skill level 4 in Maces & Flails
   836 | D:2      | Reached XP level 4. HP: 45/45 MP: 3/3
   836 | D:2      | Reached XP level 5. HP: 53/53 MP: 4/4
   911 | D:2      | Reached skill level 5 in Maces & Flails
  1370 | D:2      | Found a shimmering blue altar of Sif Muna.
  1519 | D:3      | Reached XP level 6. HP: 52/62 MP: 5/5
  1786 | D:3      | Noticed Robin
  1789 | D:3      | Killed Robin
  1946 | D:3      | Noticed Terence
  1958 | D:3      | Killed Terence
  2257 | D:4      | Reached skill level 6 in Maces & Flails
  2485 | D:4      | Noticed Grinder
  2491 | D:4      | Killed Grinder
  2492 | D:4      | Reached XP level 7. HP: 71/71 MP: 6/6
  2602 | D:4      | Found an opulent altar of Gozag.
  2691 | D:4      | Noticed Duvessa
  2691 | D:4      | Noticed Dowan
  2697 | D:4      | Killed Duvessa
  2698 | D:4      | Reached skill level 7 in Maces & Flails
  2701 | D:4      | Killed Dowan
  3033 | D:5      | Entered Level 5 of the Dungeon
  3050 | D:5      | Noticed Edmund
  3062 | D:5      | Killed Edmund
  3063 | D:5      | Reached skill level 5 in Fighting
  3063 | D:5      | Reached XP level 8. HP: 58/76 MP: 7/7
  3222 | D:5      | Reached skill level 8 in Maces & Flails
  3385 | D:5      | Reached skill level 9 in Maces & Flails
  3397 | D:5      | Reached XP level 9. HP: 89/89 MP: 8/8
  3543 | D:5      | Noticed Prince Ribbit
  3552 | D:5      | Killed Prince Ribbit
  3694 | D:6      | Reached skill level 10 in Maces & Flails
  3733 | D:6      | Noticed Maggie
  3735 | D:6      | Found a transporter.
  3735 | D:6      | Found a transporter.
  3902 | D:6      | Killed Maggie
  3960 | D:6      | Noticed Conn's ghost (novice OpFE)
  4019 | D:6      | Found a glowing silver altar of Zin.
  4020 | D:6      | Found a shadowy altar of Dithmenos.
  4403 | D:7      | Reached skill level 11 in Maces & Flails
  4620 | D:7      | Reached XP level 10. HP: 64/102 MP: 9/9
  4999 | D:7      | Found a staircase to the Ecumenical Temple.
  5267 | D:8      | Found a flagged portal.
  5290 | Bailey   | Entered a bailey
  5375 | Bailey   | Reached *** piety under Trog
  5394 | Bailey   | Reached skill level 12 in Maces & Flails
  5536 | Bailey   | Noticed an orc warlord
  5554 | Bailey   | Killed an orc warlord
  5611 | Bailey   | Reached skill level 14 in Maces & Flails
  5611 | Bailey   | Reached XP level 11. HP: 113/113 MP: 10/10
  5630 | Bailey   | Noticed an orc knight
  5642 | Bailey   | Killed an orc knight
  5686 | Bailey   | Noticed an orc knight
  5703 | Bailey   | Killed an orc knight
  5825 | D:8      | Reached skill level 15 in Maces & Flails
  6333 | D:9      | Reached XP level 12. HP: 109/115 MP: 11/11
  6434 | D:9      | Noticed Erolcha
  6455 | D:9      | Killed Erolcha
  6682 | D:9      | Reached **** piety under Trog
  6706 | D:9      | Noticed an eight-headed hydra
  6714 | D:9      | Killed an eight-headed hydra
  6715 | D:9      | Noticed a boulder beetle
  6927 | D:9      | Killed a boulder beetle
  7059 | D:9      | Noticed a centaur warrior
  7068 | D:9      | Killed a centaur warrior
  7087 | D:9      | Reached skill level 16 in Maces & Flails
  7221 | D:9      | Noticed a centaur warrior
  7230 | D:9      | Killed a centaur warrior
  7470 | D:9      | Noticed a tengu warrior
  7481 | D:9      | Killed a tengu warrior
  7680 | D:10     | Entered Level 10 of the Dungeon
  7683 | D:10     | Found a blossoming altar of Fedhas.
  7775 | D:10     | Noticed Nergalle
  7792 | D:10     | Killed Nergalle
  7827 | D:10     | Found a stormy altar of Qazlal.
  7859 | D:9      | Reached skill level 10 in Fighting
  8034 | D:10     | Lost intelligence.
  8045 | D:10     | Gained mutation: Your spells are a little easier to cast,
                  | but a little less powerful. [a neqoxec]
  8149 | D:10     | Noticed a centaur warrior
  8169 | D:10     | Killed a centaur warrior
  8272 | D:10     | Found a staircase to the Lair.
  8350 | D:10     | Found a hazy altar of Hepliaklqana.
  8678 | D:11     | Reached skill level 17 in Maces & Flails
  8681 | D:11     | Reached XP level 13. HP: 116/133 MP: 9/12
  9162 | Lair:1   | Entered Level 1 of the Lair of Beasts
 11367 | Lair:3   | Reached skill level 18 in Maces & Flails
 12345 | Lair:4   | Found a hole to the Spider Nest.
 12511 | Lair:4   | Found a staircase to the Swamp.
 13407 | Lair:5   | You fall into a shaft and drop 1 floor!
 13407 | Lair:6   | Entered Level 6 of the Lair of Beasts
 13453 | Lair:5   | Reached XP level 14. HP: 146/146 MP: 10/13
 13643 | Lair:5   | Found a frozen archway.
 13691 | IceCv    | Entered an ice cave
 13955 | IceCv    | Reached skill level 19 in Maces & Flails
 15431 | Lair:5   | Noticed Kirke
 15434 | Lair:5   | Noticed a sphinx
 15487 | Lair:5   | Killed Kirke
 16021 | Lair:6   | Found a blossoming altar of Fedhas.
 16050 | Lair:6   | Identified the +8 plate armour "Cumuat" {Str+4}
 16396 | Lair:6   | Reached skill level 20 in Maces & Flails
 17047 | Lair:6   | Identified the ring of False Pretenses {rPois Slay+2}
 17073 | Lair:6   | Reached XP level 15. HP: 157/158 MP: 12/14
 17387 | Lair:6   | Found a runed translucent gate.
 17388 | Lair:6   | Found a runed translucent gate.
 17389 | Lair:6   | Found a runed translucent gate.
 17444 | Lair:6   | Found a staircase to the Slime Pits.
 17528 | Lair:6   | Noticed anet's ghost (journeyman MiBe)
 17581 | Lair:6   | Killed anet's ghost
 17933 | D:11     | Got the Collected Works on the Fiery Oath
 17937 | D:11     | Found a staircase to the Orcish Mines.
 18016 | D:11     | Noticed a sphinx
 18027 | D:11     | Killed a sphinx
 18072 | D:11     | Paralysed by an orc sorcerer for 3 turns
 18801 | D:11     | HP: 7/161 [ettin/+0 dire flail (29)]
 19304 | D:11     | Reached skill level 21 in Maces & Flails
 19345 | D:11     | HP: 2/161 [white ugly thing (8)]
 19345 | D:11     | Mangled by a white ugly thing

Illustrated notes

Levels and vault maps discovered:
D:1:      kennysheep_arrival_seaside, layout_rooms, basic_ecumenical_altar,
          minivault_5
D:2:      layout_basic, basic_altar, uniq_sigmund
D:3:      layout_loops_ring, uniq_terence, uniq_robin
D:4:      layout_basic, general_overflow_altar, uniq_grinder, uniq_duvessa
D:5:      layout_rooms, uniq_edmund, uniq_prince_ribbit1
D:6:      layout_basic, gammafunk_temple_overflow_statue,
          gammafunk_ghost_gnarly_gnolls, kennysheep_generic_room_10, uniq_maggie
D:7:      layout_basic, temple_hall
D:8:      layout_gridville, enter_bailey_5
D:9:      minmay_chopped_fan, layout_loops_ring, st_stairs_11, uniq_erolcha
D:10:     layout_cave_pools, mainiacjoe_overflow_concentric_impassable,
          overflow_temple_1_default, mainiacjoe_overflow_chevrons,
          david_lair_generic, uniq_nergalle
D:11:     layout_basic, minmay_orc_entry_temple_small, nicolae_rejected_hall
Lair:1:   layout_loops_ring, chequers_serial_rivers_small_b, lemuel_fruit_tree
Lair:2:   layout_cave_pods, infiniplex_staircase_pool
Lair:3:   layout_cave_pods
Lair:4:   layout_regular_city, minmay_swamp_entry_worms,
          spider_nest_entry_funnel_web, lemuel_fruit_fields
Lair:5:   layout_gridlike, portal_ice_cave_entry_imps, disabler_island,
          serial_bayou_shore_b, uniq_kirke
Lair:6:   minmay_lair_end_enchanted_forest, layout_long_grid,
          dpeg_slime_entry_corner, basic_altar, ebering_ghost_rock_garden,
          serial_bayou_shore_a

Skill      XL: |  1  2  3  4  5  6  7  8  9 10 11 12 13 14 15 |
---------------+----------------------------------------------+-----
Maces & Flails | 3 4 5 6 7 9 11 14 15 17 18 20 21 | 21.0
Fighting       | 3 4 5 6 7 8 10 11 12 13 | 13.3
Dodging        | |  2.4

Action                   |  1- 3 |  4- 6 |  7- 9 | 10-12 | 13-15 || total
-------------------------+-------+-------+-------+-------+-------++-------
Melee: Mace              |    88 |       |       |       |       ||    88
       Flail             |     8 |   132 |   258 |   665 |  1638 ||  2701
       Punch             |       |     3 |     4 |     7 |    22 ||    36
Invok: Berserk           |     3 |     2 |     9 |    18 |    27 ||    59
       Trog's Hand       |     1 |     1 |     8 |    10 |    34 ||    54
       Brothers in Arms  |       |       |       |       |     3 ||     3
Evoke: Wand              |       |       |       |     6 |    32 ||    38
       Phial of floods   |       |       |       |       |     1 ||     1
  Use: Scroll            |       |       |     2 |    13 |    28 ||    43
       Potion            |       |       |       |     5 |     6 ||    11
 Stab: Invisible         |       |       |       |     7 |    10 ||    17
       Paralysed         |       |       |       |     4 |     7 ||    11
       Distracted        |       |       |       |     1 |       ||     1
Armor: Animal skin       |    66 |    62 |   112 |       |       ||   240
       Steam dragon scal |       |       |    48 |   142 |       ||   190
       Acid dragon scale |       |       |       |   216 |   444 ||   660
       Ice dragon scales |       |       |       |       |   456 ||   456
Dodge: Dodged            |    78 |    70 |   184 |   306 |   651 ||  1289

Table legend: (Time is in decaauts)
 A = Elapsed time spent in this place.
 B = Non-inter-level travel time spent in this place.
 C = Inter-level travel time spent in this place.
 D = Time resting spent in this place.
 E = Time spent auto-exploring this place.
 F = Levels seen in this place.
 G = Mean time per level.
                   A        B        C        D        E       F      G
               +--------+--------+--------+--------+--------+-----+--------+
         Total |  19215 |  18615 |    600 |   2311 |  11573 |  19 | 1011.3 |
       Dungeon |  10345 |   9923 |    422 |   1412 |   6055 |  11 |  940.5 |
          Lair |   7179 |   7002 |    177 |    573 |   4916 |   6 | 1196.5 |
        Bailey |    467 |    467 |      0 |     87 |    138 |   1 |  467.0 |
      Ice Cave |   1224 |   1224 |      0 |    238 |    463 |   1 | 1224.0 |
               +--------+--------+--------+--------+--------+-----+--------+

Top non-repeatable levels by time:
    D:11: 2085 daAuts
  Lair:6: 1809 daAuts
     D:9: 1466 daAuts
  Lair:4: 1283 daAuts
   IceCv: 1224 daAuts
  Lair:2: 1081 daAuts
  Lair:5: 1078 daAuts
  Lair:3: 990 daAuts
  Lair:1: 935 daAuts
     D:4: 861 daAuts
    D:10: 854 daAuts
     D:1: 841 daAuts
     D:6: 806 daAuts
     D:8: 758 daAuts
     D:3: 712 daAuts
